[Event "Israel Team Championship 2025"]
[Site "Israel"]
[Date "2025.01.18"]
[Round "4"]
[White "Rodshtein, Maxim"]
[Black "Boruchovsky, Avital"]
[Result "1-0"]
[Annotator "TA"]
[ECO "E11"]
[WhiteElo "2635"]
[BlackElo "2532"]
[PlyCount "69"]
[EventDate "2025.01.07"]
[EventType "team-tourn"]
[EventCountry "ISR"]
[SourceTitle "playchess.com"]
[Source "ChessBase"]
[SourceQuality "1"]
[TimeControl "40/5400+30:1800+30"]

1. c4 e6 2. d4 d5 3. Nf3 Nf6 4. g3 Bb4+ 5. Bd2 a5 6. Bg2 O-O 7. Qc2 c5 8. cxd5 cxd4 9. Nxd4 Qb6 10. Nf3 exd5 11. O-O Nc6 12. Nc3 d4 13. Na4 Qb5 14. Qd3 Qxd3 ({Much worse is} 14... Qxa4 $6 15. b3 $16) 15. exd3 Bf5 16. Bxb4 Nxb4 17. Nxd4 Bxd3 {[%cal Of8d8] And now ...Rfd8! would win.} 18. Rfd1 $1 Rad8 19. Nb3 Bc2 20. Rxd8 Rxd8 21. Bxb7 Bxb3 22. axb3 Rd2 23. Nc5 Rxb2 24. Rxa5 {White wants to mate with Ra8+.} g6 25. Ra4 Nc2 26. Kf1 Rb1+ (26... h5 $16) 27. Ke2 $18 Na1 28. b4 Nc2 {[#]} 29. Nd3 $1 Rb3 30. Kd2 Nd4 31. Nc5 Rb1 32. Kd3 Rd1+ 33. Kc4 {Hoping for Ra8+.} Ng4 (33... Nf5 34. Kc3 Kg7) 34. Nd3 Nf5 $2 (34... Nb5 {might work better.}) 35. Bf3 1-0

[Event "Israel Team Championship 2025"]
[Site "Israel"]
[Date "2025.01.18"]
[Round "4"]
[White "Predke, Alexandr"]
[Black "Eljanov, Pavel"]
[Result "1/2-1/2"]
[Annotator "TA"]
[ECO "C84"]
[WhiteElo "2631"]
[BlackElo "2656"]
[PlyCount "55"]
[EventDate "2025.01.07"]
[EventType "team-tourn"]
[EventCountry "ISR"]
[SourceTitle "playchess.com"]
[Source "ChessBase"]
[SourceQuality "1"]
[TimeControl "40/5400+30:1800+30"]

1. e4 e5 2. Nf3 Nc6 3. Bb5 a6 4. Ba4 Nf6 5. O-O Be7 6. d3 b5 7. Bb3 d6 8. a4 Bd7 9. Be3 O-O 10. Nc3 Na5 11. Ba2 b4 12. Nd5 Nxd5 13. Bxd5 c6 14. Ba2 c5 15. Nd2 Be6 16. Bxe6 fxe6 17. Qg4 Rf6 18. f4 exf4 19. Bxf4 Nc6 20. Nc4 d5 21. Ne5 Nxe5 22. Bxe5 Rg6 23. Qe2 Bf6 24. Bxf6 Rxf6 25. exd5 Qxd5 26. c3 {Dodges Qd4+} Raf8 27. Rxf6 Rxf6 28. a5 1/2-1/2

[Event "Israel Team Championship 2025"]
[Site "Israel"]
[Date "2025.01.18"]
[Round "4"]
[White "Motylev, Alexander"]
[Black "Levin, Guy"]
[Result "1-0"]
[Annotator "TA"]
[ECO "C43"]
[WhiteElo "2596"]
[BlackElo "2442"]
[PlyCount "107"]
[EventDate "2025.01.07"]
[EventType "team-tourn"]
[EventCountry "ISR"]
[SourceTitle "playchess.com"]
[Source "ChessBase"]
[SourceQuality "1"]
[TimeControl "40/5400+30:1800+30"]

1. e4 e5 2. Nf3 Nf6 3. d4 Nxe4 4. Bd3 d5 5. Nxe5 Nd7 6. Nc3 Nxe5 7. dxe5 Bb4 8. O-O Nxc3 9. bxc3 Bxc3 10. Rb1 O-O (10... Bxe5 $2 11. Re1 Be6 12. Rxe5 $18) 11. Bxh7+ Kxh7 12. Qd3+ Kg8 13. Qxc3 a5 {Black is weak on the dark squares} 14. Rd1 Ra6 15. Rb5 c6 16. Rb3 Rb6 (16... Qh4 {keeps more tension.} 17. a4 Qg4 18. f3 Qxa4 19. Ba3 c5) 17. Be3 Rxb3 18. axb3 Bf5 19. Ra1 f6 20. exf6 (20. Rxa5 fxe5 21. Bc5 Re8 $15) (20. Bd4 $5) 20... Qxf6 21. Qxf6 (21. Qxa5 d4 (21... Bxc2 22. Bc5 $11) 22. Bd2 Bxc2 $15) 21... Rxf6 $14 {[%mdl 4096] Endgame KRB-KRB} (21... gxf6 $11 22. c3 (22. Rxa5 Bxc2 23. h4 Bxb3 $11) 22... Ra8) 22. c3 $16 ({Much weaker is} 22. Rxa5 Bxc2 23. Ra8+ Kh7 $11) 22... Bc2 23. Rxa5 Bxb3 24. Ra8+ Rf8 25. Ra7 Rb8 26. Bf4 Re8 27. h3 Re7 28. Bd6 Rd7 29. Bc5 Bc4 30. Kh2 Kf7 31. Ra8 Ke6 32. Re8+ Kf7 33. Rb8 Ke6 34. g4 d4 35. Bxd4 Kd6 36. f4 {White is more active.} c5 37. Be3 Kd5 38. Kg3 g5 $2 (38... b6 $16) 39. Re8 (39. fxg5 $142 b5 40. h4) 39... gxf4+ $18 40. Bxf4 (40. Kxf4 Rf7+ 41. Kg3 Bb5 42. Rd8+ Ke4 43. Bxc5 Rf3+ 44. Kh4 Rxc3) 40... b5 {[#]} 41. h4 $1 b4 {[#]} 42. cxb4 $1 cxb4 43. h5 Rb7 $2 (43... b3 44. Bc1 Rf7) 44. Bc1 Bb5 45. Re1 Bd3 46. g5 b3 $2 (46... Rb8 47. Re7 Kd6) 47. Bb2 {Black must now prevent g6.} Rc7 48. g6 {White threatens Rd1 and mate.} Rc2 49. Rd1 Ke6 50. Rxd3 Rxb2 51. h6 Rb1 52. h7 b2 53. Rb3 (53. h8=R $2 {perishes.} Rg1+ 54. Kf4 b1=Q $19 (54... b1=B 55. Re8+ Kf6 56. Rd6+ Kg7 57. Re7+ Kf8 58. Rf7+ Ke8 59. Re6+ Kd8 60. Ra6 $18)) 53... Rg1+ 54. Kh2 1-0

[Event "Israel Team Championship 2025"]
[Site "Israel"]
[Date "2025.01.18"]
[Round "4"]
[White "Romanov, Evgeny"]
[Black "Zoler, Dan"]
[Result "1/2-1/2"]
[Annotator "TA"]
[ECO "B70"]
[WhiteElo "2590"]
[BlackElo "2472"]
[PlyCount "100"]
[EventDate "2025.01.07"]
[EventType "team-tourn"]
[EventCountry "ISR"]
[SourceTitle "playchess.com"]
[Source "ChessBase"]
[SourceQuality "1"]
[TimeControl "40/5400+30:1800+30"]

1. e4 c5 2. Nf3 d6 3. d4 cxd4 4. Nxd4 Nf6 5. Nc3 g6 6. Be2 Bg7 7. O-O O-O 8. Bg5 Nc6 9. Nb3 Be6 10. f4 Rc8 11. Kh1 Na5 12. f5 Bc4 13. Bd3 b5 14. Qe1 b4 {[#]} 15. Nd5 $1 Bxd5 (15... Nxd5 16. exd5) 16. exd5 Nc4 17. fxg6 hxg6 18. Nd4 $1 Ne5 19. Nc6 Nxc6 20. dxc6 Rxc6 21. Qh4 ({White should play} 21. Qxb4 $11 Nh7 22. Be3) 21... Qa5 (21... Qc7 $15) 22. Rae1 Rc5 (22... Qxa2 23. Rxe7 (23. Qxb4 Qd5 $17) 23... Nh7 (23... Nd5 24. Bxg6) 24. Bc1 $11) 23. Bd2 Rh5 24. Qxb4 Qxb4 25. Bxb4 {This pair of bishops is nice.} Rb8 26. Ba3 Ng4 27. h3 Ne5 ({Inferior is} 27... Bxb2 28. Rb1 Bxa3 29. Rxb8+ Kg7 30. Rb3 $18 (30. Be2 Ne3 $16)) 28. Be2 Rh4 {White is weak on the dark squares} 29. b3 Rc8 30. c4 f5 31. Rd1 Re4 32. Rf2 Bh6 33. Bf3 Nxf3 34. gxf3 Rh4 35. Re2 Kf7 ({Reject} 35... Rxh3+ $6 36. Kg2 Rh4 37. Rxe7 $14) 36. Kg2 Bg5 37. Bb2 Bf6 38. Bxf6 Kxf6 $15 {[%mdl 4096] Endgame KRR-KRR} 39. Rde1 $1 e5 40. Rd2 Ke6 41. Red1 Rc6 42. Rd5 f4 43. Rb5 Rh5 44. Rb8 Rg5+ 45. Kf2 Rg3 46. Rh8 a5 47. Rd5 a4 48. Ra5 axb3 49. axb3 Rb6 50. Raa8 Rxb3 1/2-1/2

[Event "Israel Team Championship 2025"]
[Site "Israel"]
[Date "2025.01.18"]
[Round "4"]
[White "Smirin, Ilia"]
[Black "Roiz, Michael"]
[Result "1/2-1/2"]
[Annotator "TA"]
[ECO "C65"]
[WhiteElo "2581"]
[BlackElo "2568"]
[PlyCount "34"]
[EventDate "2025.01.07"]
[EventType "team-tourn"]
[EventCountry "ISR"]
[SourceTitle "playchess.com"]
[Source "ChessBase"]
[SourceQuality "1"]
[TimeControl "40/5400+30:1800+30"]

1. e4 e5 2. Nf3 Nc6 3. Bb5 Nf6 4. d3 Bc5 5. Ba4 d6 6. c3 O-O 7. O-O Ne7 8. Nbd2 Ng6 9. h3 c6 10. d4 Bb6 11. Bc2 Bc7 12. Re1 Re8 13. Nf1 d5 14. exd5 e4 15. d6 Qxd6 16. Ng5 Bf5 {Threatens to win with ...h6.} 17. g4 Bd7 1/2-1/2

[Event "Israel Team Championship 2025"]
[Site "Israel"]
[Date "2025.01.18"]
[Round "4"]
[White "Gorshtein, Ido"]
[Black "Gelfand, Boris"]
[Result "1-0"]
[Annotator "TA"]
[ECO "A34"]
[WhiteElo "2565"]
[BlackElo "2657"]
[PlyCount "51"]
[EventDate "2025.01.07"]
[EventType "team-tourn"]
[EventCountry "ISR"]
[SourceTitle "playchess.com"]
[Source "ChessBase"]
[SourceQuality "1"]
[TimeControl "40/5400+30:1800+30"]

1. c4 c5 2. Nf3 Nf6 3. Nc3 Nc6 4. g3 d5 5. cxd5 Nxd5 6. Bg2 g6 7. h4 Bg7 (7... h6 $5) 8. h5 O-O 9. hxg6 hxg6 10. Ng5 Nf6 11. Bxc6 bxc6 12. d3 (12. Qa4 Qd4 13. Qxc6 Bd7 14. Qf3) 12... c4 13. dxc4 Qxd1+ (13... Ng4 $11 {keeps the balance.} 14. Qxd8 Rxd8) 14. Nxd1 $16 a5 15. Bd2 a4 16. Bc3 Re8 17. Ne3 e5 18. O-O-O Bf8 19. f4 {White is more active.} Nh5 {[#]} (19... exf4 $2 20. Bxf6 Bg7 21. Bxg7 Kxg7 22. Rh7+ Kg8 23. gxf4 $18) (19... Bg7 $142) 20. Ne4 $1 {Excellent horsemanship.} (20. Bxe5 f6 21. g4 fxe5 (21... Ng3 22. Bxf6 Nxh1 23. Rxh1 $14) 22. gxh5 exf4 $17) (20. fxe5 $2 Bh6 (20... Nxg3 $2 21. e6 $18) 21. g4 (21. Rxh5 $2 gxh5 22. Ng2 Bxg5+ $19) 21... Bxg5 22. gxh5 Bxe3+ 23. Bd2 Bxd2+ (23... Rxe5 24. Bxe3 Rxe3 25. Rd8+ Kg7 26. hxg6 $17) 24. Rxd2 g5 $19 (24... Rxe5 25. Rd8+ Kg7 26. hxg6 $17)) 20... exf4 $2 {[#]} (20... Bg7 $16) 21. Rxh5 $1 $18 Bg7 {Dodges Rh8+} 22. Bxg7 $1 Rxe4 23. Re5 Rxe3 $2 (23... f5 24. gxf4 (24. Rxe4 fxe4 25. gxf4 Kxg7 $14) 24... Kxg7 25. Rxe4 fxe4) 24. Bf6 {White threatens Rd8+ and mate.} (24. gxf4 Rh3 $16) 24... Bg4 25. Rxe3 ({Not} 25. gxf4 Rxe5 26. Bxe5 (26. fxe5 Bxe2 27. Rd2 Bg4 $11) 26... Bxe2 $16) (25. Rh1 $142 Bh5 26. Rhxh5 (26. gxf4 Rxe5 27. fxe5 Kf8 $16) 26... gxh5 27. Rxh5 (27. gxf4 $2 {too greedy.} Rxe5 28. fxe5 Kh7 $19) 27... Rc3+ 28. bxc3 fxg3 29. Rh8#) 25... fxe3 26. Rh1 1-0

[Event "Israel Team Championship 2025"]
[Site "Israel"]
[Date "2025.01.18"]
[Round "4"]
[White "Steinberg, Nitzan"]
[Black "Erenberg, Ariel"]
[Result "1/2-1/2"]
[Annotator "TA"]
[ECO "B93"]
[WhiteElo "2565"]
[BlackElo "2512"]
[PlyCount "112"]
[EventDate "2025.01.07"]
[EventType "team-tourn"]
[EventCountry "ISR"]
[SourceTitle "playchess.com"]
[Source "ChessBase"]
[SourceQuality "1"]
[TimeControl "40/5400+30:1800+30"]

1. e4 c5 2. Nf3 d6 3. d4 cxd4 4. Nxd4 Nf6 5. Nc3 a6 6. f4 e5 7. Nf3 Qc7 8. Bd3 Be7 9. O-O Nbd7 10. a4 O-O 11. Kh1 Nc5 12. Qe1 Re8 13. a5 h6 14. Bd2 Bd7 15. fxe5 dxe5 16. Qg3 Be6 17. Qxe5 (17. Nxe5 $2 Nh5 18. Qf2 Qxe5 $19) 17... Bd6 18. Qd4 Nxd3 19. cxd3 Rad8 20. Rac1 (20. Bxh6 $2 Be7 21. Qe3 Ng4 $17 (21... gxh6 22. e5 $17)) 20... Qb8 (20... Qxa5 $2 21. Nd5 Qb5 22. Nxf6+ gxf6 23. Qxf6 $18 (23. Bxh6 Be7 $16)) ({Black should try} 20... Qc5 $11) 21. Qg1 (21. Bxh6 $2 Be7 22. Qa4 gxh6 $19) ({Better is} 21. e5 $14 Bf8 22. Qh4) 21... Bb4 {This pair of bishops is nice.} 22. Qb6 Bf8 23. Qe3 Ng4 24. Qe2 Ne5 25. Bf4 Bd6 $1 26. Ne1 (26. Be3 $11) 26... Ng4 {[%mdl 1024] Black has compensation.} 27. g3 Ne5 28. Qg2 Nc6 29. Rd1 {[#]} (29. Qf2 $15) 29... Qc8 $1 $17 30. Qf2 {[#]} Bb4 $1 31. Nf3 (31. Ng2 $17) 31... Bxa5 32. d4 Bb6 33. Be3 Nb4 (33... Bc4 $17 34. Rfe1 Nb4) 34. Rd2 (34. d5 $14 Bxe3 35. Qxe3) 34... f6 (34... Bc4 $17 {[%cal Ob4d3] And now ...Nd3! would win.} 35. Rfd1 (35. Ne5 $2 Rxe5 36. Re1 Ree8 $19) 35... f5) 35. d5 $11 Bxe3 36. Qxe3 Bh3 $132 {[%mdl 2048] Black has counterplay} (36... Bxd5 $2 37. Nxd5 (37. Rxd5 $2 Nxd5 38. Nxd5 Qc4 $19) 37... Qc4 38. Ne7+ Kh7 (38... Rxe7 $2 39. Rxd8+ Kh7 40. Rc1 $18) (38... Kf7 $2 39. Ne5+ Kxe7 40. Nxc4 $18) 39. Kg1 $18) 37. Re1 Qd7 38. Qb6 Qd6 39. Qxd6 Rxd6 40. Kg1 Bg4 41. Nh4 Nc6 42. h3 Bc8 $1 ({Of course not} 42... Bxh3 $6 43. Rh2 $16) 43. Nf3 Ne5 44. Nxe5 Rxe5 45. h4 b5 46. b4 Re7 47. Re3 Bg4 48. Kf2 Rc7 49. Rd4 {Threatens to win with e5.} h5 50. Ke1 Kf7 51. Kd2 Re7 52. Na2 Re5 53. Rc3 f5 54. Rc7+ Kf6 55. Rc6 (55. Nc3 $14 {stays ahead.}) 55... Ke7 (55... Rxc6 $17 56. dxc6 Re6 (56... Rxe4 57. Rxe4 fxe4 58. Nc1 $19) (56... fxe4 57. c7 $17)) 56. Rc7+ Kf6 1/2-1/2

[Event "Israel Team Championship 2025"]
[Site "Israel"]
[Date "2025.01.18"]
[Round "4"]
[White "Kobo, Ori"]
[Black "Kogan, Arthur"]
[Result "1/2-1/2"]
[Annotator "TA"]
[ECO "E45"]
[WhiteElo "2539"]
[BlackElo "2462"]
[PlyCount "125"]
[EventDate "2025.01.07"]
[EventType "team-tourn"]
[EventCountry "ISR"]
[SourceTitle "playchess.com"]
[Source "ChessBase"]
[SourceQuality "1"]
[TimeControl "40/5400+30:1800+30"]

1. d4 Nf6 2. c4 e6 3. Nc3 Bb4 4. e3 b6 5. Nge2 Ba6 6. a3 Bxc3+ 7. Nxc3 d5 8. b3 O-O 9. Be2 c5 10. dxc5 bxc5 11. O-O Nbd7 12. cxd5 Bxe2 13. Qxe2 exd5 14. Rd1 Qb6 15. Nxd5 Qxb3 16. Nxf6+ Nxf6 17. Bb2 Qe6 18. Rac1 Nd7 19. h3 Rab8 20. Ba1 Rfc8 21. Rc4 f6 22. Qc2 Rb7 23. Rcd4 Nf8 24. Rd6 Qf7 25. Qf5 Rbc7 26. h4 Re8 27. h5 h6 28. e4 (28. R1d5 $14) 28... c4 (28... Qb3 $11) 29. Bc3 $16 Ne6 30. f3 Rc5 31. R1d5 Rc7 32. Qg4 Rb7 33. Bb4 Rc7 34. Bc3 Rb7 35. Rd1 (35. Rc6 $142) 35... Kh8 36. Qf5 Kg8 37. Rc6 Rb3 38. Bb4 Rd3 {[#]} (38... Ng5 $16) 39. Rxd3 $1 $18 cxd3 40. Rd6 Nf8 41. Rxd3 Qc7 42. Bxf8 (42. Qb5 $18 Rd8 43. Rxd8 Qxd8 44. Qd5+ Qxd5 45. exd5) 42... Re5 43. Qd7 Qc1+ 44. Kf2 Kxf8 45. Qd8+ (45. Qxa7 $6 Qc2+ 46. Ke3 Kg8 $11) 45... Re8 46. Qd5 Qb2+ (46... Re5 $142 47. Qd8+ Re8) 47. Kg3 $16 Re5 {[#]} (47... Qc1 $16 {keeps fighting.} 48. Kh2 Qf4+ 49. Kh3 Qc1) 48. Qa8+ $2 (48. Qd8+ $1 $18 Re8 49. Qd6+ Kg8 50. Rd5) 48... Re8 $14 49. Rd8 ({White should try} 49. Qxa7 $16 {Black must now prevent Kh3.} Qe5+ 50. Kf2) 49... Qe5+ $11 50. f4 Qxh5 51. Rxe8+ Qxe8 52. Qxe8+ Kxe8 53. Kg4 g6 54. f5 Kf7 55. g3 h5+ 56. Kh4 Kg7 57. fxg6 Kxg6 58. g4 hxg4 59. Kxg4 Kf7 60. Kf5 Ke7 61. a4 a5 62. e5 fxe5 63. Kxe5 1/2-1/2

[Event "Israel Team Championship 2025"]
[Site "Israel"]
[Date "2025.01.18"]
[Round "4"]
[White "Alekseev, Evgeny"]
[Black "Parkhov, Yair"]
[Result "1/2-1/2"]
[Annotator "TA"]
[ECO "B92"]
[WhiteElo "2518"]
[BlackElo "2508"]
[PlyCount "24"]
[EventDate "2025.01.07"]
[EventType "team-tourn"]
[EventCountry "ISR"]
[SourceTitle "playchess.com"]
[Source "ChessBase"]
[SourceQuality "1"]
[TimeControl "40/5400+30:1800+30"]

1. e4 c5 2. Nf3 d6 3. d4 cxd4 4. Nxd4 Nf6 5. Nc3 a6 6. Be2 e5 7. Nb3 Be7 8. Be3 Be6 9. f4 exf4 10. Bxf4 Nc6 11. O-O O-O 12. Qd2 d5 1/2-1/2

[Event "Israel Team Championship 2025"]
[Site "Israel"]
[Date "2025.01.18"]
[Round "4"]
[White "Rozen, Eytan"]
[Black "Nesterov, Arseniy"]
[Result "1/2-1/2"]
[Annotator "TA"]
[ECO "E06"]
[WhiteElo "2504"]
[BlackElo "2591"]
[PlyCount "120"]
[EventDate "2025.01.07"]
[EventType "team-tourn"]
[EventCountry "ISR"]
[SourceTitle "playchess.com"]
[Source "ChessBase"]
[SourceQuality "1"]
[TimeControl "40/5400+30:1800+30"]

1. d4 Nf6 2. c4 e6 3. Nf3 d5 4. Nc3 Be7 5. g3 O-O 6. Bg2 dxc4 7. Ne5 c5 8. dxc5 Qxd1+ 9. Nxd1 Bxc5 10. Nxc4 Nd5 11. Bd2 Nc6 12. Rc1 Rd8 {White has an edge.} 13. Nc3 Nxc3 14. Bxc3 Nb4 15. O-O Nxa2 16. Rcd1 ({Of course not} 16. Rfd1 Bd7 17. Ra1 Bb5 18. Rxd8+ Rxd8 $17) 16... Rf8 17. Bd4 Bxd4 18. Rxd4 {[#] Threatens to win with Ne5.} Nb4 19. Rc1 Nc6 20. Rdd1 Rb8 21. f4 e5 22. Nxe5 Nxe5 23. fxe5 Be6 24. Rc7 g6 25. Bxb7 Bc8 26. Bxc8 Rfxc8 {The position is equal.} 27. Rxc8+ Rxc8 $14 {[%mdl 4096] Endgame. KR-KR} 28. Kf2 Rb8 29. Rd7 Rxb2 30. Rxa7 Rb5 31. Ra8+ Kg7 32. Re8 h5 33. h4 Rb6 34. Kf3 Rb3+ 35. Kf4 Rb4+ 36. e4 Rb6 37. Rd8 Re6 38. Rd6 {[#] White wants to mate with Rxe6.} Kf8 39. Rxe6 fxe6 $11 {KP-KP} 40. Kf3 Kf7 41. Kf2 Kf8 42. Ke1 Ke7 43. Kd1 Kd7 44. Kc2 Kc8 45. Kc3 Kc7 $1 46. Kb4 {Kc5 would kill now.} Kb8 47. Ka5 (47. Kc4 $5 Kc8 $8 48. Kd4 $11) 47... Ka7 48. Ka4 (48. Kb5 $5 Kb7 $8 49. Kc4 $11) 48... Ka8 49. Kb5 (49. Ka3 $5 Ka7 $8 50. Kb4 $14) 49... Kb7 50. Kc4 Kc8 51. Kd4 Kd8 52. Ke3 {Threatening mate with Kf4.} (52. Kc4 $5 Kc8 $8 53. Kd3 $11) 52... Ke7 53. Kf4 {Intending Kg5 and mate.} Kf8 54. Kf3 Kf7 55. g4 hxg4+ 56. Kxg4 Kg8 57. Kg5 Kg7 58. h5 gxh5 59. Kxh5 Kh7 $1 60. Kg5 {White threatens Kf6 and mate.} Kg7 {Not much happened in this game.   Weighted Error Value: White=0.02 (flawless) /Black=0.01 (flawless) .  Inaccurate:     	White=1     	---        OK:         	White=17    	Black=24     Best:        	White=1     	Black=7      Strong:       	---       	Black=2} 1/2-1/2

[Event "Israel Team Championship 2025"]
[Site "Israel"]
[Date "2025.01.18"]
[Round "4"]
[White "Mikhalevski, Victor"]
[Black "Sutovsky, Emil"]
[Result "1/2-1/2"]
[Annotator "TA"]
[ECO "A13"]
[WhiteElo "2503"]
[BlackElo "2590"]
[PlyCount "24"]
[EventDate "2025.01.07"]
[EventType "team-tourn"]
[EventCountry "ISR"]
[SourceTitle "playchess.com"]
[Source "ChessBase"]
[SourceQuality "1"]
[TimeControl "40/5400+30:1800+30"]

1. Nf3 d5 2. e3 Nf6 3. c4 e6 4. b3 c5 5. Bb2 Nc6 6. cxd5 exd5 7. Bb5 Bd6 8. O-O O-O 9. d4 cxd4 10. Nxd4 Qc7 11. Nf3 Bg4 12. h3 Bxf3 1/2-1/2

[Event "Israel Team Championship 2025"]
[Site "Israel"]
[Date "2025.01.15"]
[Round "4"]
[White "Sivuk, Vitaly"]
[Black "Rozentalis, Eduardas"]
[Result "1/2-1/2"]
[Annotator "TA"]
[ECO "E14"]
[WhiteElo "2493"]
[BlackElo "2485"]
[PlyCount "51"]
[EventDate "2025.01.07"]
[EventType "team-tourn"]
[EventCountry "ISR"]
[SourceTitle "playchess.com"]
[Source "ChessBase"]
[SourceQuality "1"]
[TimeControl "40/5400+30:1800+30"]

1. d4 Nf6 2. c4 e6 3. Nf3 Bb4+ 4. Nbd2 b6 5. a3 Bxd2+ 6. Qxd2 O-O 7. e3 Bb7 8. Be2 d6 9. b4 Nbd7 10. O-O Ne4 11. Qc2 f5 12. Ne1 Qh4 13. f3 Ng5 14. c5 {White is better.} Bd5 {[#]} (14... dxc5 $142 15. dxc5 (15. bxc5 bxc5 16. dxc5 Bd5 $16) 15... bxc5) 15. cxd6 (15. g3 $1 $16 Qh6 16. h4) 15... cxd6 $14 16. Qc7 Nf6 17. Qxd6 Nh5 18. g3 Qh3 {[#] aiming for ...Rad8.} 19. Rf2 {Black must now prevent Bf1.} Nf6 20. Nd3 (20. Bf1 $11 Qh5 21. Bg2) 20... Nf7 ({Better is} 20... Rad8 $17 21. Qf4 Qh5) 21. Qe7 {Nf4 is the strong threat.} (21. Qf4 {simplifies} Rac8 22. Qh4 Qxh4 23. gxh4 Bb3 24. Bd2) 21... Rfe8 $1 22. Nf4 Qh6 23. Qc7 {[%cal Oe3e4] Black should prevent e4!} (23. Nxd5 $5 Rxe7 24. Nxe7+ Kf8 25. Nc6 $15) 23... Rec8 {The position is equal.} 24. Qe7 Re8 25. Qc7 Rec8 26. Qe7 {Weighted Error Value: White=0.20 (precise) /Black=0.20 (precise) .  Mistake:       	White=2     	Black=2      Inaccurate:     	White=1     	Black=1      OK:         	White=6     	Black=7      Best:        	White=1     	Black=2      Strong:       	---       	Black=1} 1/2-1/2

[Event "Israel Team Championship 2025"]
[Site "Israel"]
[Date "2025.01.18"]
[Round "4"]
[White "Golod, Vitali"]
[Black "Postny, Evgeny"]
[Result "1/2-1/2"]
[Annotator "TA"]
[ECO "A28"]
[WhiteElo "2487"]
[BlackElo "2567"]
[PlyCount "27"]
[EventDate "2025.01.07"]
[EventType "team-tourn"]
[EventCountry "ISR"]
[SourceTitle "playchess.com"]
[Source "ChessBase"]
[SourceQuality "1"]
[TimeControl "40/5400+30:1800+30"]

1. c4 Nf6 2. Nc3 e5 3. Nf3 Nc6 4. e4 Bb4 5. d3 d6 6. a3 Bc5 7. b4 Bb6 8. Na4 Bd4 9. Nxd4 Nxd4 10. Be2 a6 11. Be3 b5 {Threatens to win with ...Nxe2.} 12. Nc3 c5 13. O-O bxc4 (13... O-O $11) 14. dxc4 1/2-1/2

[Event "Israel Team Championship 2025"]
[Site "Israel"]
[Date "2025.01.18"]
[Round "4"]
[White "Raznikov, Danny"]
[Black "Bronstein, Or"]
[Result "1/2-1/2"]
[Annotator "TA"]
[ECO "D38"]
[WhiteElo "2466"]
[BlackElo "2452"]
[PlyCount "95"]
[EventDate "2025.01.07"]
[EventType "team-tourn"]
[EventCountry "ISR"]
[SourceTitle "playchess.com"]
[Source "ChessBase"]
[SourceQuality "1"]
[TimeControl "40/5400+30:1800+30"]

1. d4 Nf6 2. Nf3 d5 3. c4 e6 4. Nc3 Bb4 5. Qa4+ Nc6 6. e3 O-O 7. Qc2 Na5 8. cxd5 exd5 9. a3 Bd6 10. Bd3 Re8 11. O-O Bg4 12. Nd2 Nc6 13. b4 Bh5 14. b5 Ne7 15. a4 Bg6 16. Ba3 Rc8 17. Rfc1 Bxd3 18. Qxd3 Ng6 19. Bxd6 Qxd6 20. Ne2 Ng4 21. Ng3 Nh4 22. Ndf1 g6 23. h3 Nf6 24. Rc5 Nd7 25. Rc3 Re7 (25... c5 $14) 26. a5 $16 c5 27. bxc6 Rxc6 28. Rb1 Nf6 29. Rcb3 Rcc7 30. Nd2 Qc6 31. Rb5 Qc2 32. Qxc2 Rxc2 33. Ngf1 (33. Rxb7 $2 {is the wrong capture.} Rxb7 34. Rxb7 Rxd2 $19) 33... Ra2 34. R1b2 Rxb2 35. Rxb2 Nf5 36. Nb3 Nd6 37. Nc5 Rc7 38. Nd2 Kf8 39. f3 Nd7 40. Nxd7+ Rxd7 $11 {[%mdl 4096] Endgame KRN-KRN} 41. Kf2 Rc7 42. e4 dxe4 43. fxe4 a6 44. Rb6 Nc8 45. Rb4 Nd6 46. Rb6 Nc8 47. Rb4 Nd6 {Prevents Rc4} 48. Rb6 (48. e5 $14 Nf5 49. g4) 1/2-1/2

[Event "Israel Team Championship 2025"]
[Site "Israel"]
[Date "2025.01.18"]
[Round "4"]
[White "Grinberg, Eyal"]
[Black "Zemach, Nadav"]
[Result "0-1"]
[Annotator "TA"]
[ECO "C84"]
[WhiteElo "2464"]
[BlackElo "2408"]
[PlyCount "108"]
[EventDate "2025.01.07"]
[EventType "team-tourn"]
[EventCountry "ISR"]
[SourceTitle "playchess.com"]
[Source "ChessBase"]
[SourceQuality "1"]
[TimeControl "40/5400+30:1800+30"]

1. e4 e5 2. Nf3 Nc6 3. Bb5 a6 4. Ba4 Nf6 5. Nc3 Be7 6. O-O b5 7. Bb3 d6 8. h3 O-O 9. a3 h6 10. Re1 Re8 11. Nd5 Be6 12. c3 Bf8 13. a4 Bxd5 14. exd5 Ne7 15. d4 $1 e4 16. Nd2 Nexd5 {[#]} 17. Nxe4 $1 c6 (17... Rxe4 18. Rxe4) 18. Ng3 Qd7 19. Bd2 g6 20. Qf3 (20. Rxe8 {simplifies} Rxe8 21. axb5 axb5 22. Ra6) 20... Bg7 21. Ne4 Kh7 22. h4 Nxe4 23. Rxe4 Rxe4 24. Qxe4 Re8 25. Qf3 Nf6 26. axb5 axb5 27. Bc2 d5 (27... h5 $1 $11 {is more appropriate.}) 28. h5 $14 Ne4 29. Be3 (29. hxg6+ $14 fxg6 30. Bf4) 29... g5 $11 30. g4 Kg8 31. Kg2 Bf8 32. Re1 Nd6 33. b3 Bg7 34. Re2 Re7 35. Bd3 Qe8 36. Ra2 Qd7 37. Ra8+ Re8 38. Rxe8+ Qxe8 39. Qd1 Qe6 40. Qf3 Kf8 41. Bh7 Ke8 42. Kf1 Kd8 43. Qe2 Kc7 44. f3 Kb7 45. Qd3 Qe7 46. Kf2 Qf6 47. Qc2 Bf8 48. Kg2 Be7 49. Bf2 Bd8 50. Qe2 Qg7 51. Bd3 Bc7 $1 52. Qe7 Nc8 53. Qd7 {Strongly threatening Bg3. Black is weak on the light squares} Qf8 (53... Nb6 $11 {keeps the balance.} 54. Qe8 Qf6) 54. Bf5 $2 (54. Bxb5 $16 cxb5 55. Qxd5+ Ka7 (55... Kb6 56. c4 $16) 56. Qxb5) 54... Nb6 0-1